Match 29606238
Unlisted

Match 29606238
End
Construct Barracks
Selects Advanced Infantry Battlegroup
Riflemen Squad
Riflemen Squad
Riflemen Squad
Riflemen Squad
Grenade Package
Selects Convert to Ranger Squad
Convert to Ranger Squad
Infantry Support Center
Construct Medical Station
Survival Training
Convert to Ranger Squad
M1918 Browning Automatic Rifles
Selects Frontline Medical Station
Frontline Medical Station
M1 Mortar Team
Construct Motor Pool
M1 Anti-tank Gun Team
Selects Artillery Observers
Advanced Logistics
Convert to Ranger Squad
Selects Infantry Assault
Hugunin
iAinEng
corncobber5
Zeus
Real tiger
anuluj
Armbbking
*.*
0
0

Comments sign in to comment!

No comments posted yet!